 Dungeon Sprint DCSS version 0.21.1-1-g345015f (webtiles) character file.

51 theY the Covert (level 3, 0/21 HPs)
             Began as an Octopode Enchanter on June 14, 2018.
             Was a Believer of Dithmenos.
             Slain by a wight
             ... wielding a +3 falchion of freezing
              (4 damage)
             ... in the Dungeon (Sprint VII: "The Pits").
             The game lasted 00:01:36 (359 turns).

theY the Covert (Octopode Enchanter)                 Turns: 359, Time: 00:01:38

Health: 0/21       AC:  1    Str:  7    XL:     3   Next: 83%
Magic:  7/7        EV: 13    Int: 18    God:    Dithmenos [**....]
Gold:   0          SH:  0    Dex: 12    Spells: 4/7 levels left

rFire    . . .     SeeInvis .   j - +2 dagger
rCold    . . .     Gourm    .   (no shield)
rNeg     . . .     Faith    .   (helmet restricted)
rPois    .         Spirit   .   (no amulet)
rElec    .         Reflect  .   (no ring)
rCorr    .         Harm     .   (no ring)
MR       .....     NoTele   +   (no ring)
Stlth    ++++++....             (no ring)
HPRegen  0.07/turn              (no ring)
MPRegen  0.10/turn              (no ring)
                                (no ring)
                                (no ring)

@: wreathed by umbra, drained
A: almost no armour, stealthy swim, amphibious, 8 rings, constrict 8, camouflage
1, gelatinous body 1
a: Shadow Step, Renounce Religion


You were in the Dungeon.
You worshipped Dithmenos.
Dithmenos was pleased with you.
You were not hungry.

You visited 1 branch

Inventory:

Hand Weapons
 a - a +1 dagger
 j - a +2 dagger (weapon)
Magical Staves
 p - an uncursed staff of energy
Scrolls
 i - a scroll of blinking
 l - 3 scrolls of remove curse
 m - 5 scrolls of amnesia
 n - a scroll of summoning
 o - 2 scrolls of vulnerability
Potions
 d - a potion of curing
 f - a potion of haste
 g - 4 potions of magic
 h - 3 potions of berserk rage
 k - 2 potions of invisibility
Books
 b - a book of Maledictions

   Spells                             Type                      Level
   a - Corona                         Hexes                        1
   b - Ensorcelled Hibernation        Hexes/Ice                    2
   c - Confuse                        Hexes                        3
   d - Tukima's Dance                 Hexes                        3
   e - Dazzling Spray                 Conjuration/Hexes            3
Comestibles
 c - 9 rations
 q - a chunk of flesh


   Skills:
 + Level 0.2(0.0) Fighting
 + Level 1.4(0.9) Short Blades
 + Level 2.6(2.2) Dodging
 * Level 8.6(8.0) Stealth
 + Level 2.7(2.2) Spellcasting
 + Level 4.6(4.1) Hexes


You had 4 spell levels left.
You knew the following spells:

 Your Spells              Type           Power        Failure   Level  Hunger
a - Corona                Hex            ###....      3%          1    #......
b - Ensorcelled Hibernat  Hex/Ice        #.....       12%         2    ##.....


Dungeon Overview and Level Annotations

Branches:
Dungeon (1/1)

Altars:
Ashenzari
Cheibriados
Dithmenos
Elyvilon
Fedhas
Gozag
Hepliaklqana
Kikubaaqudgha
Makhleb
Nemelex Xobeh
Okawaru
Qazlal
Ru
Sif Muna
Trog
Uskayaw
Vehumet
Wu Jian
Xom
Yredelemnul
Zin
The Shining One
Beogh
Jiyva
Lugonu


Innate Abilities, Weirdness & Mutations

You cannot wear most types of armour.
You are very stealthy in the water. (Stealth+)
You are amphibious.
You can wear up to eight rings at the same time.
You can use your tentacles to constrict eight enemies at once.
Your skin changes colour to match your surroundings (Stealth+).
Your rubbery body absorbs attacks. (AC +1, EV +1)


Message History

The wight hits you with a falchion of freezing.
You feel drained. The wight freezes you.
You closely miss the wight. Your grab misses the wight.
The wight is lightly damaged.
The wight hits you with a falchion of freezing.
You feel drained. The wight freezes you.
You hit the wight. You grab the wight.
The wight is lightly damaged.
You constrict the wight, but do no damage.
The wight completely misses you.
You hit the wight.
The wight is heavily damaged.
You constrict the wight. The wight barely misses you.
You hit the wight but do no damage. You squeeze the wight.
The wight is almost destroyed.
You constrict the wight, but do no damage.
The wight hits you with a falchion of freezing!
* * * LOW HITPOINT WARNING * * *
The wight freezes you.
You die...

#_________.#
#_________.#
#_______...###########++
##########'##...........
#..(.')))'.##......#..#
##########.##..........
#...........'...........
+#####'#####......#..#.
#..@zz##...........
#####'#####'#####+
#.....##.......#
#.....##.......#
###'####.......#
##+#..z.†##...<...#
#..z.....##.......#
#..J....)##.......#
###########.......#


You could see 2 wights.

Vanquished Creatures
  A worker ant (D)
  2 gnolls (D)
  An ooze (D)
  A giant cockroach (D)
  A quokka (D)
  A kobold (D)
7 creatures vanquished.

Notes
Turn   | Place    | Note
-------+----------+-------------------------------------------
     0 | D        | theY the Octopode Enchanter began the quest for the Orb.
     0 | D        | Reached XP level 1. HP: 11/11 MP: 3/3
    11 | D        | Reached skill level 5 in Stealth
    15 | D        | Found a bloodstained altar of Trog.
    15 | D        | Found a deep blue altar of Sif Muna.
    15 | D        | Found a viscous altar of Jiyva.
    15 | D        | Found a hazy altar of Hepliaklqana.
    15 | D        | Found an opulent altar of Gozag.
    16 | D        | Found a glowing golden altar of the Shining One.
    16 | D        | Found a glowing silver altar of Zin.
    16 | D        | Found a basalt altar of Yredelemnul.
    16 | D        | Found a shimmering altar of Xom.
    16 | D        | Found an ornate altar of the Wu Jian Council.
    16 | D        | Found a sacrificial altar of Ru.
    16 | D        | Found a stormy altar of Qazlal.
    16 | D        | Found an iron altar of Okawaru.
    16 | D        | Found a sparkling altar of Nemelex Xobeh.
    16 | D        | Found a burning altar of Makhleb.
    16 | D        | Found a blossoming altar of Fedhas.
    16 | D        | Found a white marble altar of Elyvilon.
    16 | D        | Found a shadowy altar of Dithmenos.
    16 | D        | Found a snail-covered altar of Cheibriados.
    17 | D        | Found a radiant altar of Vehumet.
    17 | D        | Found a corrupted altar of Lugonu.
    17 | D        | Found a roughly hewn altar of Beogh.
    18 | D        | Found an ancient bone altar of Kikubaaqudgha.
    18 | D        | Found a hide-covered altar of Uskayaw.
    18 | D        | Found a shattered altar of Ashenzari.
    23 | D        | Became a worshipper of Dithmenos the Shadowed
    61 | D        | Noticed a worker ant
    67 | D        | Killed a worker ant
    67 | D        | Reached skill level 7 in Stealth
    67 | D        | Reached XP level 2. HP: 16/17 MP: 3/5
    67 | D        | Reached XP level 3. HP: 20/21 MP: 3/6
   271 | D        | Learned a level 2 spell: Ensorcelled Hibernation
   274 | D        | Reached * piety under Dithmenos
   274 | D        | Reached skill level 8 in Stealth
   347 | D        | Reached ** piety under Dithmenos
   359 | D        | Slain by a wight

Skill      XL: |  1  2  3 |
---------------+----------+-----
Stealth        | 7 8 |  8.6
Hexes          | 4 |  4.6
Fighting       | |  0.2
Short Blades   | |  1.4
Dodging        | |  2.6
Spellcasting   | |  2.7

Action                   || total
-------------------------++-------
Melee: Dagger            ||    19
       Constrict         ||     4
       Tentacles         ||     3
  Use: Potion            ||     1
 Stab: Sleeping          ||     5
Armor: Skin              ||     1
Dodge: Dodged            ||     8
